Unix NetHack Version 5.0.0-0 post-release - last build Jul 11 2026 15:18:16 (a5a7a23833b1ad5d30b1c6e96a93a978492a6348,branch:main).

Game began 2026-07-12 12:12:56, ended 2026-07-12 13:14:24.

LDaviesPeters, neutral female human Archeologist

                                                                      --- ---
                                                                  -- --.--..--
                                                                  -.--.......|
                                                                   ..........-
                                                                   ...........
                                                                    .........-
                                                                    .........|
                                                                     ........-
                                                                     .........
                                                                      .......-
                                                                     -G......-
                                                                      ........
                                                                      .......--
                                                                      -G......|
                                                                      |G.....-
                                                                      |@G...-
                                                                      ---.---
                                                                         --
LDaviesPeters the Digger   St:12 Dx:10 Co:14 In:15 Wi:18 Ch:7  Neutral
Dlvl:4  $:5  HP:0(15) Pw:9(9) AC:0  Xp:2 T:1420 

Latest messages:
 You see here a statue of a lichen.
 You swap places with your kitten.
 You kill the grid bug!
 You see here a yellow mold corpse.
 You see here a statue of a lichen.
 The door opens.
 You lash the gecko.
 You kill the gecko!
 You see here a food ration.
 You learn more about your items by comparing them.
 d - an uncursed food ration (5 in total).
 You descend the stairs.
 You see here a chest.
 Hmmm, the chest turns out to be locked.
 You climb up the stairs.
 You find a hidden door.
 The door opens.
 The door opens.
 You see here a two-handed sword.
 The door resists!
 The door opens.
 You see here an angled poleaxe.
 You hear the splashing of a naiad.
 The door resists!
 The door resists!
 The door opens.
 You see here an egg.
 You swap places with your kitten.
 Your kitten eats an egg.
 You descend the stairs.
 You see here a yellow potion.
 A cloud of gas puts you to sleep!
 The gnome misses!
 The gnome throws a dagger!
 The dagger hits the gnome.
 The gnome is killed!
 The gnome hits!
 The gnome hits!
 The gnome hits!
 The gnome misses!
 The gnome misses!
 The gnome hits!
 The gnome picks up a dagger.
 The gnome misses!
 The gnome misses!
 The gnome throws a dagger!
 The dagger hits the gnome.
 The gnome hits!
 You die...
 Do you want your possessions identified? [ynq] (y) q

Inventory:
 Coins    ('$')
  $ - 5 gold pieces
 Weapons  (')')
  a - a +2 bullwhip (weapon in right hand)
 Armor    ('[')
  G - an uncursed +0 dwarvish iron helm
  c - an uncursed +0 fedora
  m - a blessed +4 orcish helm (being worn)
  I - an uncursed +0 pair of speed boots (being worn)
  D - a blessed +0 shield of reflection (being worn)
  E - an uncursed +0 alchemy smock with text "Gehennom's Kitchen" (being worn)
  C - an uncursed +0 elven cloak
  h - an uncursed +0 leather jacket (being worn)
 Comestibles  ('%')
  d - 5 uncursed food rations
  j - an uncursed tripe ration
 Tools    ('(')
  b - an uncursed sack containing 8 items
  f - a tinning kit (0:61)
 Gems/Stones  ('*')
  g - an uncursed touchstone

Contents of the sack:
  60 gold pieces
  an uncursed scroll of confuse monster
  a cursed scroll of enchant weapon
  an uncursed spellbook of protection
  a cursed potion of enlightenment
  an uncursed potion of blindness
  an uncursed potion of monster detection
  a +0 pick-axe

LDaviesPeters the Archeologist's attributes:

Background:
 You were a Digger, a level 2 female human Archeologist.
 You were neutral, on a mission for Camaxtli
 who was opposed by Quetzalcoatl (lawful) and Huhetotl (chaotic).
 You were right-handed.
 You were in the Gnomish Mines, on level 4.
 You entered the dungeon 1420 turns ago.
 You had 27 experience points, 13 more were needed to attain level 3.

Basics:
 You had 0 out of 15 hit points.
 You had all 9 energy points (spell power).
 Your armor class was 0.
 Your wallet contained 5 zorkmids, and
 you had 60 more stashed away in your pack.
 Autopickup was off.

Final Characteristics:
 Your strength was 12 (limit:18/100).
 Your dexterity was 10 (limit:18).
 Your constitution was 14 (limit:18).
 Your intelligence was 15 (limit:18).
 Your wisdom was 18 (limit:18).
 Your charisma was 7 (limit:18).

Final Status:
 You weren't hungry.
 You were unencumbered.
 You were wielding a whip.
 You had basic skill with whip.

Final Attributes:
 You were fervently aligned.
 You were poison resistant.
 You were acid resistant.
 Your items were protected from acid.
 You had automatic searching.
 You were warded.
 You were very fast.
 You had reflection.
 You are dead.

Miscellaneous:
 You didn't encounter any bones levels.
 Total elapsed playing time was 21 minutes and 22 seconds.

Major events:
 Turn
    1: LDaviesPeters the neutral female human Archeologist entered the dungeon
 1403: entered the Gnomish Mines
 1420: killed by a gnome, while sleeping

Spells:
 Name                 Level Category     Fail Retention
 protection             1   clerical      97%  76%-100%

Skills:
 Fighting Skills
   bare handed combat [Unskilled]
   two weapon combat  [Unskilled]
   riding             [Unskilled]
 Weapon Skills
   dagger             [Unskilled]
   knife              [Unskilled]
   pick-axe           [Basic]
   short sword        [Unskilled]
   saber              [Unskilled]
   club               [Unskilled]
   quarterstaff       [Unskilled]
   sling              [Unskilled]
   dart               [Unskilled]
   boomerang          [Unskilled]
   whip               [Basic]
   unicorn horn       [Unskilled]
 Spellcasting Skills
   attack spells      [Unskilled]
   healing spells     [Unskilled]
   divination spells  [Unskilled]
   matter spells      [Unskilled]

Voluntary challenges:
 Character rerolling was not enabled.
 You never genocided any monsters.
 You never polymorphed an object.
 You never changed form.
 You used no wishes.
Achievements:
 You entered a shop.
 You entered the Gnomish Mines.

 The Dungeons of Doom: levels 1 to 4
    Level 1:
    Level 2:
       An armor shop, some fountains, a sink.
    Level 3:
       An altar, a fountain.
       Stairs down to The Gnomish Mines.
    Level 4:
 The Gnomish Mines:
    Level 4: <- You were here.
       Final resting place for
          you, killed by a gnome, while sleeping.


Vanquished creatures:
  a bugbear
  a yellow mold
  a gnome
  a gecko
  5 jackals
  a kobold
  a goblin
  6 grid bugs
  a lichen
  6 newts
24 creatures vanquished.

No species were genocided or became extinct.

Game over:
                       ----------
                      /          \
                     /    REST    \
                    /      IN      \
                   /     PEACE      \
                  /                  \
                  |  LDaviesPeters   |
                  |      65 Au       |
                  |   killed by a    |
                  |      gnome       |
                  |                  |
                  |                  |
                  |       2026       |
                 *|     *  *  *      | *
        _________)/\\_//(\/(/\)/\//\/|_)_______

Goodbye LDaviesPeters the Archeologist...

You died in The Gnomish Mines on dungeon level 4 with 317 points,
and 65 pieces of gold, after 1420 moves.
You were level 2 with a maximum of 15 hit points when you died.

